 Dungeon Crawl Stone Soup version 0.30-a0-860-g512cf1e979 (webtiles) character file.

Game seed: 12737269742212368927

17912 112233 the Tainter (level 12, 0/110 HPs)
             Began as a Naga Venom Mage on Mar 8, 2023.
             Was a Priest of Vehumet.
             Hit by a large rock thrown by a cyclops (16 damage)
             ... on level 12 of the Dungeon.
             The game lasted 00:20:17 (16964 turns).

112233 the Tainter (Naga Venom Mage)               Turns: 16964, Time: 00:20:18

Health: 0/110      AC:  7    Str: 11    XL:     12   Next: 53%
Magic:  28/36      EV: 12    Int: 20    God:    Vehumet [***...]
Gold:   790        SH:  0    Dex: 12    Spells: 15/33 levels left

rFire   + . .      SeeInvis +    s - +8 war axe "Lerch" {freeze, rF+}
rCold   + . .      Faith    +    (no shield)
rNeg    . . .      Spirit   .    M - +1 robe {rC+}
rPois   +          Reflect  .    i - +1 hat
rElec   .          Rampage  .    h - +2 cloak
rCorr   .                        w - +0 pair of gloves
Will    +....                    (no barding)
Stlth   ++                       t - amulet of faith
HPRegen 0.38/turn                A - ring of magical power
MPRegen 0.25/turn                C - ring of wizardry

@: corroded, slowed, very slow
A: AC +4, large, see invisible, deformed body, poison resistance, slowness 2,
spit poison 1, naga tail 1, horns 1, subdued magic 1
a: Spit Poison, Renounce Religion


You were on level 12 of the Dungeon.
You worshipped Vehumet.
Vehumet was most pleased with you.
You visited 2 branches of the dungeon, and saw 13 of its levels.

You collected 790 gold pieces.

Inventory:

Hand Weapons
 e - a +2 dagger of electrocution
 s - the +8 war axe "Lerch" (weapon) {freeze, rF+}
   (You found it on level 4 of the Dungeon)

   rF:        It protects you from fire.
Missiles
 g - 14 poisoned darts
 n - a throwing net
 O - 5 curare-tipped darts
Armour
 a - a +0 robe
 c - quicksilver dragon scales
 h - a +2 cloak (worn)
 i - a +1 hat (worn)
 w - a +0 pair of gloves (worn)
 G - a scarf of invisibility
 H - a +0 hat
 L - a +0 buckler
 M - a +1 robe of cold resistance (worn)
Magical Staves
 l - a staff of earth
Jewellery
 t - an amulet of faith (around neck)
 A - a ring of magical power (left hand)
 C - a ring of wizardry (right hand)
 I - a +6 ring of strength
Wands
 q - a wand of flame (12)
 D - a wand of roots (4)
Scrolls
 d - a scroll of enchant weapon {unknown}
 k - a scroll of torment
 m - a scroll of poison
 o - 2 scrolls of noise
 p - 2 scrolls of teleportation
 r - 5 scrolls of amnesia
 x - 4 scrolls of fear
 y - a scroll of brand weapon {unknown}
 z - 2 scrolls of blinking {unknown}
 E - 2 scrolls of fog
 F - a scroll of immolation {unknown}
 Q - a scroll of identify
Potions
 b - 3 potions of magic
 f - a potion of might
 j - 3 potions of degeneration
 u - a potion of lignification {unknown}
 v - 4 potions of curing
 B - 5 potions of flight {unknown}
 J - 2 potions of brilliance {unknown}
 K - 2 potions of haste {unknown}
 N - a potion of ambrosia {unknown}
Miscellaneous
 P - a phantom mirror


   Skills:
 + Level 8.1 Fighting
 + Level 7.0 Dodging
 - Level 3.1 Stealth
 + Level 11.2 Spellcasting
 + Level 8.1 Conjurations
 - Level 1.0 Transmutations
 - Level 11.8 Poison Magic


You had 15 spell levels left.
You knew the following spells:

 Your Spells              Type           Power      Damage    Failure   Level
a - Poisonous Vapours     Pois/Air       52%        N/A       1%          2
b - Olgreb's Toxic Radia  Pois           45%        N/A       1%          4
c - Ignite Poison         Fire/Tmut/Pois 21%        N/A       1%          3
d - Mephitic Cloud        Conj/Pois/Air  29%        N/A       1%          3
e - Freezing Cloud        Conj/Ice/Air   8%         6-21      6%          5
f - Sting                 Tmut/Pois      100%       1d8       1%          1

Your spell library contained the following spells:

 Spells                   Type           Power      Damage    Failure   Level
 Stone Arrow              Conj/Erth      42%        3d9       1%          3
 Kindle Blastsparks       Fire/Tloc/Air  16%        2d11      1%          3
 Portal Projectile        Hex/Tloc       16%        N/A       6%          3
 Tukima's Dance           Hex            8%         N/A       6%          3
 Yara's Violent Unravell  Hex/Tmut       5%         3d4       13%         5
 Passage of Golubria      Tloc           8%         N/A       21%         4
 Blade Hands              Tmut           6%         N/A       36%         5
 Simulacrum               Ice/Necr       4%         N/A       96%         6
 Polar Vortex             Ice            4%         N/A       99%         9


Dungeon Overview and Level Annotations

Branches:
Dungeon (12/15)            Temple (1/1) D:6            Lair (0/5) D:10
    Orc: D:9-12

Altars:
Ashenzari
Cheibriados
Dithmenos
Elyvilon
Fedhas
Gozag
Hepliaklqana
Kikubaaqudgha
Makhleb
Nemelex Xobeh
Okawaru
Qazlal
Ru
Sif Muna
Trog
Uskayaw
Vehumet
Wu Jian
Xom
Yredelemnul
Zin
The Shining One

Shops:
D:2 ?

Annotations:
D:8 exclusion: downstairs
Temple 2 transporters


Innate Abilities, Weirdness & Mutations

Your serpentine skin is tough. (AC +4)
You have supernaturally acute eyesight. (SInv)
Armour fits poorly on your strangely shaped body.
Your system is resistant to poisons. (rPois)
You cover ground very slowly.
You can spit poison.
You have a snake-like lower body.
You have a pair of small horns on your head.
Your spells are a little easier to cast, but a little less powerful.


Message History

As you read the scroll of teleportation, it crumbles to dust.
You feel strangely unstable.
Unknown command.
Unknown command.
Your surroundings suddenly seem different.
An acid dragon, a gargoyle and a manticore come into view.
Found a scroll labelled PYTHRAH AHOSU.
Unknown command.
Casting: Ignite Poison (safe; 1% risk of failure)
Confirm with . or Enter, or press ? or * to list all spells.
You begin to radiate toxic energy.
The manticore is poisoned.
The manticore looks even sicker.
The acid dragon roars!
You hear a shout!
The acid dragon spits acid at you. The splash of acid hits you!!
The acid corrodes you!
A cyclops comes into view.
The cyclops is poisoned.
Your toxic aura wanes.
The manticore bites you.
The manticore claws you but does no damage.
The manticore claws you. The manticore closely misses you.
The manticore claws you!
The manticore claws you but does no damage.
Unknown command.
Casting: Olgreb's Toxic Radiance (safe; 1% risk of failure)
Confirm with . or Enter, or press ? or * to list all spells.
You ignite the poison in your surroundings!
The manticore seems to burn from within!!
The manticore is heavily wounded.
The manticore bites you but does no damage.
The manticore claws you.
The manticore claws you but does no damage.
The acid dragon barely misses you. x2; The manticore bites you!
* * * LOW HITPOINT WARNING * * *
The manticore claws you.
* * * LOW HITPOINT WARNING * * *
The manticore claws you!
* * * LOW HITPOINT WARNING * * *
The cyclops throws a large rock.
The large rock hits you!
You die...

#.....
............
#.....
...........#
#.##..
...........#
......
...........#
......
...........#
#.....
....?9.....#
#.....
..C...D.H.#
#...##
#...@..#
#..$
######.# . #
# # # .


You could see a manticore, a cyclops (poisoned), an acid dragon and a gargoyle.

Vanquished Creatures
  Snorg (D:11)
  A hydra (D:9)
  A centaur warrior (D:9)
  Sonja (D:11)
  A manticore (D:9)
  An ugly thing (D:9)
  A cyclops (D:11)
  A moth of wrath (D:5)
  Maurice (D:11)
  2 unseen horrors
  3 kobold demonologists
  3 komodo dragons
  4 trolls
  4 hornets
  Sigmund (D:5)
  A vampire (D:9)
  4 wraiths
  5 wyverns
  16 yaks
  2 basilisks (D:10)
  A redback (shapeshifter) (D:9)
  2 unseen horror simulacra (D:9)
  5 steam dragons
  2 acid dragons
  Duvessa (D:5)
  4 water moccasins (D:10)
  2 orc warriors (D:9)
  2 black bears (D:5)
  3 ice beasts
  A sky beast (D:8)
  An ogre (D:5)
  6 centaurs
  2 phantoms
  3 kobold brigands
  6 bullfrogs
  4 scorpions
  Dowan (D:5)
  12 killer bees
  2 howler monkeys
  An electric eel (D:9)
  2 hounds (D:6)
  2 jellies (D:5)
  11 orc priests
  2 gnoll boudas
  2 iguanas
  6 orc wizards
  A centaur simulacrum (D:9)
  Robin (D:2)
  7 gnolls (D:5)
  7 adders
  A shadow imp (D:6)
  A white imp (D:7)
  An ufetubus (D:5)
  3 worms (D:5)
  3 dart slugs
  31 orcs
  4 ball pythons
  5 bats
  4 endoplasms
  2 giant cockroaches (D:1)
  18 goblins
  3 hobgoblins
  4 jackals (D:4)
  4 quokkas
  4 frilled lizards
  8 kobolds
  4 rats
256 creatures vanquished.

Vanquished Creatures (others)
  A bush (D:10)
  2 fungi (D:10)
  25 plants
28 creatures vanquished.

Grand Total: 284 creatures vanquished

Notes
Turn   | Place    | Note
-------+----------+-------------------------------------------
     0 | D:1      | 112233 the Naga Venom Mage began the quest for the Orb.
     0 | D:1      | Reached XP level 1. HP: 15/15 MP: 3/3
   156 | D:1      | Reached XP level 2. HP: 22/22 MP: 3/5
   250 | D:1      | Learned a level 2 spell: Poisonous Vapours
   312 | D:1      | Found a faded altar of an unknown god.
   688 | D:2      | Found Zylysapn's Magic Scroll Shoppe.
  1055 | D:2      | Reached XP level 3. HP: 28/28 MP: 4/7
  1062 | D:2      | Learned a level 3 spell: Mephitic Cloud
  1169 | D:2      | Noticed Robin
  1196 | D:2      | Killed Robin
  2320 | D:3      | Reached XP level 4. HP: 36/36 MP: 7/9
  3820 | D:4      | Learned a level 4 spell: Olgreb's Toxic Radiance
  3869 | D:4      | Reached XP level 5. HP: 37/42 MP: 1/11
  4572 | D:4      | Found an iron altar of Okawaru.
  4819 | D:4      | Found a shimmering altar of Xom.
  4829 | D:4      | Identified the +8 war axe "Lerch" {freeze, rF+}
  4925 | D:4      | Noticed an ice beast
  4934 | D:4      | Killed an ice beast
  4935 | D:4      | Reached skill level 5 in Spellcasting
  4935 | D:4      | Reached skill level 5 in Poison Magic
  4935 | D:4      | Reached XP level 6. HP: 29/49 MP: 6/13
  5388 | D:5      | Entered Level 5 of the Dungeon
  5794 | D:5      | Noticed an ice beast
  5811 | D:5      | Killed an ice beast
  5812 | D:5      | Reached XP level 7. HP: 24/55 MP: 2/15
  6167 | D:5      | Found a stormy altar of Qazlal.
  6322 | D:5      | Noticed a moth of wrath
  6342 | D:5      | Killed a moth of wrath
  6343 | D:5      | Reached XP level 8. HP: 62/62 MP: 2/18
  6445 | D:5      | Noticed Duvessa
  6445 | D:5      | Noticed Dowan
  6451 | D:5      | Killed Dowan
  6456 | D:5      | Found a bloodstained altar of Trog.
  6460 | D:5      | Killed Duvessa
  6884 | D:5      | Found a basalt altar of Yredelemnul.
  7095 | D:5      | Reached skill level 10 in Poison Magic
  7182 | D:5      | Noticed Sigmund
  7194 | D:5      | Killed Sigmund
  7195 | D:5      | Reached XP level 9. HP: 66/68 MP: 0/21
  8224 | D:6      | Found a staircase to the Ecumenical Temple.
  8399 | Temple   | Entered the Ecumenical Temple
  8399 | Temple   | Found a transporter.
  8399 | Temple   | Found a transporter.
  8401 | Temple   | Found a transporter.
  8401 | Temple   | Found a transporter.
  8425 | Temple   | Became a worshipper of Vehumet
  8944 | D:7      | Learned a level 5 spell: Freezing Cloud
  8948 | D:7      | Learned a level 3 spell: Ignite Poison
  9077 | D:7      | Reached skill level 1 in Fighting
  9077 | D:7      | Reached skill level 1 in Conjurations
 10829 | D:9      | Noticed a hornet
 10832 | D:9      | Killed a hornet
 10878 | D:9      | Reached XP level 10. HP: 73/84 MP: 18/23
 11360 | D:9      | Reached * piety under Vehumet
 11360 | D:9      | Offered knowledge of Kiss of Death by Vehumet.
 11483 | D:9      | Noticed a six-headed hydra
 11902 | D:9      | Noticed a kobold demonologist
 11909 | D:9      | Noticed a rust devil
 11909 | D:9      | Killed a kobold demonologist
 11910 | D:9      | Reached skill level 5 in Fighting
 11910 | D:9      | Reached skill level 5 in Conjurations
 11913 | D:9      | Gained mutation: Your spells are a little easier to cast,
                  | but a little less powerful. [potion of mutation]
 11913 | D:9      | Gained mutation: You have a pair of small horns on your
                  | head. [potion of mutation]
 11964 | D:9      | Reached XP level 11. HP: 86/96 MP: 24/24
 12183 | D:9      | Noticed a white ugly thing
 12185 | D:9      | Noticed a manticore
 12207 | D:9      | Noticed a salamander
 12226 | D:9      | Killed a seven-headed hydra
 12227 | D:9      | Reached skill level 5 in Dodging
 12242 | D:9      | Reached skill level 10 in Spellcasting
 12669 | D:9      | Noticed a manticore
 12686 | D:9      | Killed a manticore
 12688 | D:9      | Killed a white ugly thing
 12688 | D:9      | Offered knowledge of Freeze by Vehumet.
 13487 | D:9      | Noticed a centaur warrior
 13570 | D:9      | Killed a centaur warrior
 13617 | D:10     | Entered Level 10 of the Dungeon
 13743 | D:10     | Reached ** piety under Vehumet
 14328 | D:10     | Reached XP level 12. HP: 36/109 MP: 11/26
 14681 | D:10     | Found a staircase to the Lair.
 15082 | D:10     | Offered knowledge of Dazzling Flash by Vehumet.
 15927 | D:11     | Reached *** piety under Vehumet
 16312 | D:11     | Noticed Sonja
 16323 | D:11     | Killed Sonja
 16394 | D:11     | Noticed Maurice
 16398 | D:11     | Killed Maurice
 16606 | D:11     | Offered knowledge of Stone Arrow by Vehumet.
 16666 | D:11     | Noticed Snorg
 16675 | D:11     | Killed Snorg
 16773 | D:11     | Found a hazy altar of Hepliaklqana.
 16964 | D:12     | Hit by a large rock thrown by a cyclops

Illustrated notes

Levels and vault maps discovered:
D:1:      amcnicky_arrival_blooded_trapdoor, layout_rooms,
          ebering_ecumenical_altar_sacrificial
D:2:      layout_loops_ring, serial_shops, shop, uniq_robin
D:3:      layout_loops_corners, lemuel_flame_loot_1
D:4:      layout_loops_ring, mainiacjoe_overflow_alcove_1,
          okawaru_ov_weapons_minmay, kennysheep_small_circle
D:5:      layout_loops_ring, lemuel_doored_altar, tgw_trog,
          amcnicky_altar_gilded, kennysheep_diamond,
          minmay_fractal_squares_gapless_5, uniq_sigmund, uniq_duvessa
D:6:      layout_layer_cave, minmay_temple_entry_poolview
D:7:      layout_basic
D:8:      layout_basic
D:9:      nzn_winding_woodlands_stair_cross [nzn_winding_woodlands_5x15_pool,
          nzn_winding_woodlands_center_lodge, nzn_winding_woodlands_5x15_garden,
          nzn_winding_woodlands_5x5_default,
          nzn_winding_woodlands_5x5_open_star,
          nzn_winding_woodlands_5x15_parted,
          nzn_winding_woodlands_center_diamonds,
          nzn_winding_woodlands_5x15_river_crossing], layout_irregular_city,
          minmay_tree_intersection, columned_hall_lemuel,
          minmay_mirror_moons_of_madness
D:10:     layout_grid_maze, minmay_lair_entry_grove
D:11:     layout_gridville, nicolae_hepliaklqana_hippocampus, uniq_sonja,
          uniq_maurice, uniq_snorg
D:12:     hangedman_cross_stitches, layout_rooms, minmay_the_grid_2x2
          [minmay_the_grid_broken_lines, minmay_the_grid_spikes,
          minmay_the_grid_armoury, minmay_the_grid_prize_diamond_cup]
Temple:   hellmonk_temple_divided_pantheon

Skill      XL: |  1  2  3  4  5  6  7  8  9 10 11 12 |
---------------+-------------------------------------+-----
Spellcasting   | 3 4 5 6 8 9 10 11 | 11.2
Poison Magic   | 5 6 8 10 11 | 11.8
Fighting       | 3 5 7 8 |  8.1
Dodging        | 3 4 6 7 |  7.0
Conjurations   | 3 5 7 8 |  8.1
Stealth        | |  3.1
Transmutations | |  1.0

Action                     |  1- 3 |  4- 6 |  7- 9 | 10-12 || total
---------------------------+-------+-------+-------+-------++-------
  Melee: Unarmed           |     1 |       |       |       ||     1
         Dagger            |       |    15 |       |       ||    15
         War axe           |       |       |    15 |    47 ||    62
         Headbutt          |       |       |       |    10 ||    10
   Cast: Sting             |    39 |    81 |    70 |     6 ||   196
         Poisonous Vapours |    26 |    45 |    67 |    19 ||   157
         Olgreb's Toxic Ra |       |     2 |    20 |    65 ||    87
         Mephitic Cloud    |       |       |     2 |    15 ||    17
         Ignite Poison     |       |       |    10 |    63 ||    73
         Freezing Cloud    |       |       |       |     7 ||     7
Ability: Spit Poison       |     5 |     7 |     2 |       ||    14
  Evoke: Wand              |       |       |       |     4 ||     4
    Use: Scroll            |     1 |       |     1 |    14 ||    16
         Potion            |       |       |       |     7 ||     7
   Stab: Sleeping          |       |       |     3 |       ||     3
 Armour: Robe              |     7 |    20 |    37 |    76 ||   140
  Dodge: Dodged            |    12 |    28 |    54 |   102 ||   196

Table legend: (Time is in decaauts)
 A = Elapsed time spent in this place.
 B = Non-inter-level travel time spent in this place.
 C = Inter-level travel time spent in this place.
 D = Time resting spent in this place.
 E = Time spent auto-exploring this place.
 F = Levels seen in this place.
 G = Mean time per level.
                   A        B        C        D        E       F      G
               +--------+--------+--------+--------+--------+-----+--------+
         Total |  20327 |  19199 |   1128 |   2636 |  14488 |  13 | 1563.6 |
       Dungeon |  20261 |  19133 |   1128 |   2636 |  14481 |  12 | 1688.4 |
        Temple |     66 |     66 |      0 |      0 |      7 |   1 |   66.0 |
               +--------+--------+--------+--------+--------+-----+--------+

Top non-repeatable levels by time:
     D:9: 2699 daAuts
     D:5: 2494 daAuts
     D:8: 2389 daAuts
     D:4: 2089 daAuts
    D:10: 1950 daAuts
     D:3: 1942 daAuts
     D:2: 1797 daAuts
     D:6: 1475 daAuts
    D:11: 1348 daAuts
     D:7: 1270 daAuts
     D:1: 751 daAuts
  Temple: 66 daAuts
    D:12: 51 daAuts
